[Event "Prague Festival Challengers 2024"]
[Site "Prague"]
[Date "2024.02.29"]
[Round "3.3"]
[White "Santos Latasa, Jaime"]
[Black "L'Ami, Erwin"]
[Result "1/2-1/2"]
[ECO "B12"]
[WhiteElo "2615"]
[BlackElo "2627"]
[Annotator "TA"]
[PlyCount "87"]
[EventDate "2024.02.22"]
[EventType "tourn"]
[EventCountry "CZE"]
[SourceTitle "playchess.com"]
[Source "ChessBase"]
[SourceQuality "1"]
[TimeControl "40/5400+30:1800+30"]

1. e4 c6 2. d4 d5 3. e5 Bf5 4. Nf3 e6 5. c3 Nd7 6. Be2 {[%emt 0:00:41] B12: Caro-Kann: Advance Variation.} a5 $1 {[%emt 0:01:48][%mdl 4] now scores much better than the old 6...Ne7.} 7. Nbd2 a4 8. Nf1 Ne7 $146 ({Predecessor:} 8... h6 9. Ne3 Bh7 10. O-O Ne7 11. Bd2 Nf5 12. b3 Be7 13. c4 O-O 14. Bd3 Nxe3 15. Bxh7+ Kxh7 16. Bxe3 {½-½ Bartel,M (2651)-Maghsoodloo,P (2707) FIDE Grand Swiss 2023 (6)}) 9. Ne3 Bg6 10. h4 h6 11. h5 Bh7 12. O-O Qc7 13. g3 (13. Bd3 $14) 13... c5 $11 14. Bb5 cxd4 15. cxd4 Qa5 16. Bd3 Bxd3 17. Qxd3 Nc6 18. a3 Qa6 19. Qd1 b5 20. Bd2 Nb6 21. Nc2 Nc4 22. Bc3 Be7 23. Nfe1 O-O 24. Qe2 Kh8 25. Nd3 Rg8 26. Kg2 Raf8 27. Rh1 Qa8 28. Raf1 Re8 29. f3 Qc8 30. g4 Rgf8 31. Rh3 Kg8 32. f4 f5 33. Nf2 (33. Kh2 $11) 33... Bd8 $15 34. Nd1 Ne7 (34... fxg4 $17 35. Qxg4 Rf7) 35. Bb4 (35. g5 $1 $14 {was the only good move.}) 35... Rf7 (35... fxg4 $17 36. Rg3 Nf5 37. Rxg4 Rf7) 36. Bxe7 $11 Bxe7 37. gxf5 Rxf5 38. Nce3 Rf7 39. Rhf3 Ref8 40. Qd3 Bd8 41. R1f2 Bh4 42. Rf1 Bd8 43. R1f2 Bh4 44. Rf1 1/2-1/2

[Event "Prague Festival Challengers 2024"]
[Site "Prague"]
[Date "2024.02.29"]
[Round "3.4"]
[White "Korobov, Anton"]
[Black "Stalmach, Richard"]
[Result "1/2-1/2"]
[ECO "C78"]
[WhiteElo "2663"]
[BlackElo "2433"]
[Annotator "TA"]
[PlyCount "51"]
[EventDate "2024.02.22"]
[EventType "tourn"]
[EventCountry "CZE"]
[SourceTitle "playchess.com"]
[Source "ChessBase"]
[SourceQuality "1"]
[TimeControl "40/5400+30:1800+30"]

1. e4 e5 2. Nf3 Nc6 3. Bb5 a6 4. Ba4 Nf6 5. O-O Bc5 6. c3 b5 7. Bc2 d5 8. exd5 Qxd5 {[%emt 0:00:18] [#] The position is equal.} 9. d4 $1 exd4 10. Bb3 Qd6 11. Re1+ Kf8 12. Bg5 h6 13. Bxf6 gxf6 14. Nbd2 {[%emt 0:04:56] [#] Threatens to win with Ne4.} dxc3 15. bxc3 Kg7 16. Ne4 Qxd1 17. Raxd1 Bb6 18. Bd5 Bb7 19. Nh4 Rhe8 20. Nf5+ Kg6 21. Nh4+ {[%emt 0:02:04] A dynamic duo of knights.} Kg7 22. g4 Rad8 23. Nf5+ Kg6 {[%emt 0:00:21][%cal Od8d5] Strongly threatening ...Rxd5!} 24. Nh4+ Kg7 {[%emt 0:00:13][%cal Od8d5] ...Rxd5! would now be deadly.} 25. Nf5+ Kg6 {[%emt 0:00:20][%cal Od8d5] Hoping for ...Rxd5!} 26. Nh4+ {[%emt 0:00:06] Weighted Error Value: White=0.01 (flawless) /Black=0.01 (flawless) .  OK:         	White=9     	Black=9      Best:        	White=2     	Black=5} 1/2-1/2

[Event "Prague Festival Challengers 2024"]
[Site "Prague"]
[Date "2024.02.29"]
[Round "3.5"]
[White "Vaishali, Rameshbabu"]
[Black "Hrbek, Stepan"]
[Result "1-0"]
[ECO "C55"]
[WhiteElo "2481"]
[BlackElo "2426"]
[Annotator "TA"]
[PlyCount "83"]
[EventDate "2024.02.22"]
[EventType "tourn"]
[EventCountry "CZE"]
[SourceTitle "playchess.com"]
[Source "ChessBase"]
[SourceQuality "1"]
[TimeControl "40/5400+30:1800+30"]

1. e4 e5 2. Nf3 Nc6 3. Bc4 Nf6 4. d3 Be7 5. O-O O-O 6. Nc3 d6 7. a4 Bg4 8. h3 Bh5 9. Nd5 {[%emt 0:01:20] The position is equal.} Nxd5 10. Bxd5 Bxf3 11. Qxf3 Nd4 12. Qd1 c6 13. Ba2 Bg5 14. Be3 Bxe3 15. fxe3 Ne6 16. Qg4 Qe7 17. Rf2 g6 (17... Qd7 $11 {keeps the balance.}) 18. Raf1 Kg7 19. h4 Rae8 20. h5 f6 21. Qh4 Ng5 22. Kh1 h6 23. hxg6 Kxg6 {[%emt 0:00:05] Black is weak on the light squares} 24. c3 Kg7 25. a5 (25. Bb3 $16) 25... Rd8 (25... b6 $14) 26. b4 ({Better is} 26. Bb3 $16) 26... Rc8 27. Rf5 Rc7 28. Bb3 Rcc8 29. Qg4 Rc7 30. d4 Rd7 31. c4 {[%emt 0:04:54] White is much more active.} Rdd8 32. c5 $36 {[%emt 0:02:43][%mdl 2048] White has good play.} exd4 33. exd4 {[%emt 0:03:27] [#] Threatens to win with cxd6.} Kh8 $2 {[%emt 0:03:36][%mdl 8192] Loses the game.} (33... dxc5 $14 34. e5 (34. bxc5 Rxd4 35. R1f4 Qd8 $11) 34... fxe5) 34. cxd6 $18 Qxd6 35. Qh5 Kg7 36. R1f4 {[%emt 0:01:48] White wants to mate with Rh4.} Qxb4 {[%emt 0:00:33] [#]} (36... Qe7 $142 37. Rh4 Rh8) 37. Rh4 $1 Qe1+ 38. Kh2 Qxh4+ 39. Qxh4 Rxd4 40. Qf4 {[%emt 0:02:44] Intending Qc7+ and mate.} Rb4 41. Qc7+ Nf7 42. Qe7 {[%emt 0:01:13] Weighted Error Value: White=0.12 (very precise) /Black=0.43.  Loses game:     	---       	Black=1      Mistake:       	White=2     	Black=3      Inaccurate:     	White=1     	Black=2      OK:         	White=11    	Black=12     Best:        	White=2     	Black=4} (42. Rf3 $142 Rxb3 43. Rxb3 Kg6 44. Rxb7 a6 45. e5 (45. Qxc6 Nd8 $18) (45. Qg3+ Ng5 $18) 45... fxe5 46. Qxc6+ Kg5 47. Qxa6) 1-0

[Event "Prague Festival Challengers 2024"]
[Site "Prague"]
[Date "2024.03.01"]
[Round "4.1"]
[White "L'Ami, Erwin"]
[Black "Korobov, Anton"]
[Result "0-1"]
[ECO "E12"]
[WhiteElo "2627"]
[BlackElo "2663"]
[Annotator "TA"]
[PlyCount "74"]
[EventDate "2024.02.22"]
[EventType "tourn"]
[EventCountry "CZE"]
[SourceTitle "playchess.com"]
[Source "ChessBase"]
[SourceQuality "1"]
[TimeControl "40/5400+30:1800+30"]

1. d4 Nf6 2. c4 e6 3. Nf3 b6 4. a3 Bb7 5. Nc3 d5 6. Bg5 Be7 7. Bxf6 Bxf6 8. cxd5 exd5 9. Qa4+ c6 10. g3 O-O 11. Bg2 Na6 12. O-O Nc7 13. Rad1 Ne6 {[%emt 0:07:43] The position is equal.} 14. Rfe1 Re8 15. e4 b5 16. Qc2 Qb6 17. e5 Be7 18. Ne2 c5 19. Nf4 c4 20. Re3 a5 21. h4 b4 22. Bh3 ({White should play} 22. Nxe6 $15 fxe6 23. Ng5) 22... Nxf4 $17 23. gxf4 b3 24. Qd2 (24. Qe2 $15) 24... Qg6+ 25. Kh1 (25. Kh2 $17 {is a better defense.}) 25... Bc8 $19 26. Rg1 {[%emt 0:05:24] [#]} Qh5 (26... Qc2 27. Qxc2 bxc2 28. Bxc8 Rexc8 (28... Raxc8 29. Rc1 $11) 29. Rc1 $15) 27. Bxc8 (27. f5 Bxf5 28. Nh2 Be4+ (28... Bxh4 29. Bxf5 Qxf5 30. Rf3 $15) 29. f3 Bf5 30. Bxf5 Qxf5) 27... Rexc8 (27... Raxc8 28. Qxa5 Bxh4 29. Kg2 $17) 28. Rg3 Qf5 (28... Bxh4 $2 29. Rh3 $18) 29. Kg2 Qxf4 30. h5 Ra6 31. Re1 Qf5 32. h6 Rg6 {[%emt 0:01:18] Black is clearly winning.} 33. Qxa5 (33. Qc3 $142) 33... c3 (33... Rxh6 34. Qxd5 Rcc6 35. Qe4 Qxe4 36. Rxe4 $17) 34. bxc3 b2 35. Qxd5 Rxg3+ (35... b1=N 36. c4 Nxa3 (36... gxh6 37. Qb7 $11) 37. Qb7 $17) (35... Rxh6 36. Qb3 $15) 36. fxg3 Rxc3 {[%emt 0:00:30] [#] ( -> ...Rc2+)} (36... b1=N 37. c4 Rb8 (37... gxh6 38. Qb7 $11) 38. e6 Qxd5 39. cxd5 $11) 37. Qa8+ Rc8 {[%emt 0:00:22] Weighted Error Value: White=0.82/Black=0.03 (flawless) .  Mistake:       	White=4     	---        Inaccurate:     	White=4     	Black=1      OK:         	White=7     	Black=15} 0-1

[Event "Prague Festival Challengers 2024"]
[Site "Prague"]
[Date "2024.03.01"]
[Round "4.2"]
[White "Gurel, Ediz"]
[Black "Hrbek, Stepan"]
[Result "1-0"]
[ECO "C68"]
[WhiteElo "2560"]
[BlackElo "2426"]
[Annotator "TA"]
[PlyCount "71"]
[EventDate "2024.02.22"]
[EventType "tourn"]
[EventCountry "CZE"]
[SourceTitle "playchess.com"]
[Source "ChessBase"]
[SourceQuality "1"]
[TimeControl "40/5400+30:1800+30"]

1. e4 e5 2. Nf3 Nc6 3. Bb5 a6 4. Bxc6 dxc6 5. O-O Qf6 6. d4 exd4 7. Bg5 Qd6 8. Nxd4 {[%emt 0:00:06][%cal Bf3d4,Bd4b3,Bb3c5][%mdl 32] The position is equal.} Be7 9. Bxe7 Nxe7 10. Nc3 Bd7 11. Nb3 O-O-O (11... Qxd1 {simplifies} 12. Raxd1 b6 13. Nd2 c5) 12. Qh5 Ng6 13. Rad1 Qe5 14. Qxe5 Nxe5 15. Nc5 g5 16. f3 Be6 17. b3 a5 18. Kf2 b6 19. Nd3 Ng6 20. Ke3 c5 ({Better is} 20... f5 $15) 21. Nb2 c6 22. Rxd8+ Rxd8 23. Rd1 Re8 24. g3 f5 25. Kf2 Rf8 26. Rd6 Bd7 27. exf5 Rxf5 28. Nc4 {[%emt 0:00:14][%cal Og3g4] [#] g4! is the strong threat.} Kc7 29. Ne4 {[%emt 0:00:20][%cal Oc4b6] Black must now prevent Nxb6!} b5 (29... Ne5 $1 $14) 30. Ne3 $36 {[%emt 0:00:53][%mdl 2048] White is in control. White is much more active. Excellent horsemanship.} ({But not} 30. Nxa5 $6 Ne5 $11) 30... Re5 {[%emt 0:00:01] [#]} (30... Rf8 $16 {is a better defense.} 31. Rf6 Rxf6 32. Nxf6 Nf8) 31. Rf6 $1 $18 g4 32. Rf7 ({Not} 32. Nxg4 Bxg4 33. Rf7+ Ne7 $17) 32... gxf3 33. Nf6 Re7 34. Rxh7 Rxh7 35. Nxh7 Ne5 36. Ng5 {[%emt 0:00:08] Weighted Error Value: White=0.06 (flawless) /Black=0.16 (very precise) .  Mistake:       	---       	Black=3      Inaccurate:     	White=4     	Black=3      OK:         	White=15    	Black=13     Best:        	White=3     	---        Strong:       	White=1     	---} 1-0

[Event "Prague Festival Challengers 2024"]
[Site "Prague"]
[Date "2024.03.01"]
[Round "4.3"]
[White "Mishra, Abhimanyu"]
[Black "Santos Latasa, Jaime"]
[Result "1/2-1/2"]
[ECO "C54"]
[WhiteElo "2627"]
[BlackElo "2615"]
[Annotator "TA"]
[PlyCount "76"]
[EventDate "2024.02.22"]
[EventType "tourn"]
[EventCountry "CZE"]
[SourceTitle "playchess.com"]
[Source "ChessBase"]
[SourceQuality "1"]
[TimeControl "40/5400+30:1800+30"]

1. e4 e5 2. Nf3 Nc6 3. Bc4 Bc5 4. c3 Nf6 5. d3 d6 6. O-O a5 7. Re1 O-O 8. Bg5 h6 {[%emt 0:00:07] White has an edge.} 9. Bh4 g5 10. Bg3 Ba7 11. Na3 Rb8 12. Bb3 Bg4 13. Nc2 b5 14. Ne3 Bxe3 15. fxe3 a4 16. Bc2 Ne7 17. Rf1 Ng6 18. b4 axb3 19. axb3 Kg7 20. b4 Ra8 21. Qd2 Rxa1 22. Rxa1 Nh5 23. Bf2 f5 24. exf5 Bxf5 25. Qe1 Qd7 26. Nd2 Qc6 27. Ra3 Nf6 28. e4 {[%emt 0:02:50] [#]} Nf4 $1 29. Kh1 (29. Be3 Bg6) 29... Bg6 30. Nb3 Qd7 {[%emt 0:04:48] ...Qg4 would now be deadly.} 31. Nd2 d5 32. Nf3 {[%emt 0:03:30] [#]} (32. Bg3 $11 {remains equal.}) 32... Re8 $1 $17 33. Bg3 {[%emt 0:03:30] [#]} dxe4 $1 34. dxe4 Qc6 {[%emt 0:00:39] Inhibits Ra6.} 35. Nd2 $1 Rd8 36. h3 Ra8 (36... Rd7 $15) 37. Rxa8 $11 Qxa8 38. Kh2 Qc6 {[%emt 0:02:17] Weighted Error Value: White=0.09 (flawless) /Black=0.07 (flawless) .  Mistake:       	White=1     	Black=1      Inaccurate:     	White=3     	Black=2      OK:         	White=9     	Black=13     Best:        	White=2     	---        Strong:       	White=1     	Black=2} 1/2-1/2

[Event "Prague Festival Challengers 2024"]
[Site "Prague"]
[Date "2024.03.01"]
[Round "4.4"]
[White "Stalmach, Richard"]
[Black "Vaishali, Rameshbabu"]
[Result "0-1"]
[ECO "E04"]
[WhiteElo "2433"]
[BlackElo "2481"]
[Annotator "TA"]
[PlyCount "68"]
[EventDate "2024.02.22"]
[EventType "tourn"]
[EventCountry "CZE"]
[SourceTitle "playchess.com"]
[Source "ChessBase"]
[SourceQuality "1"]
[TimeControl "40/5400+30:1800+30"]

1. d4 d5 2. c4 e6 3. g3 Nf6 4. Bg2 dxc4 5. Nf3 Nbd7 6. O-O c6 7. a4 a5 8. Qc2 b5 9. Ne5 Nxe5 10. dxe5 {[%emt 0:00:05] White is slightly better.} Nd5 {[%emt 0:00:06] [#]} 11. axb5 $1 cxb5 12. Nc3 Qb6 13. Nxd5 exd5 14. Bxd5 Ra7 15. b3 $2 {[%emt 0:03:26] [#]} (15. Bxc4 $16 {keeps the pressure on.} bxc4 16. Be3) 15... Bc5 $17 {[%emt 0:24:03] Dodges Be3. White is now going downhill.} 16. bxc4 b4 17. Kg2 O-O {[%emt 0:04:58][%mdl 1024] Black has strong compensation.} 18. f4 {[%emt 0:02:01] [#]} a4 $1 19. f5 (19. Rxa4 $2 b3 20. Qe4 Rxa4 $19) (19. Rb1 Re8) 19... Re8 20. Rf4 (20. Rxa4 $2 b3 (20... Rxe5 21. Rxa7 Qxa7 22. e4 $15) 21. Rxa7 bxc2 22. Rxf7 Kh8 $19 (22... Rxe5 $2 23. Rb7+ Rxd5 24. Rxb6 $18)) (20. e4 $17) 20... b3 $19 (20... Rxe5 21. Rxa4 Rxa4 22. Qxa4 $11) 21. Qe4 (21. Qc3 {was worth a try.}) 21... b2 22. e6 $2 (22. Bxb2 Qxb2 23. e6 fxe6 (23... Qxa1 24. exf7+ Rxf7 25. Qxe8+ Bf8 26. Bxf7+ Kh8 27. Qxf8#) 24. Raf1) 22... f6 $2 (22... bxa1=R 23. exf7+ Rxf7 24. Qxe8+ Bf8 25. Bxf7+ Kh8 26. Qxf8#) (22... Rxe6 $2 23. fxe6 fxe6 (23... bxa1=Q 24. exf7+) 24. Bxb2 $18) (22... Bxe6 23. Bxb2 Bxd5 24. Qxd5 Rxe2+ (24... Qxb2 $2 25. Qxc5 Rae7 26. Rh1 $19) 25. Kh3 Qxb2 (25... Rxb2 $2 26. f6 $19)) 23. e7+ $2 (23. Bxb2 Qxb2 24. Rh4) 23... Kh8 24. Rh4 bxc1=Q (24... bxa1=R 25. Rxh7+ Kxh7 26. Qh4#) 25. Rxc1 h6 (25... Rexe7 26. Rxh7+ Kxh7 27. Qh4#) 26. Rb1 Qd6 27. Qg4 Raxe7 (27... Rexe7 28. Rxh6+ gxh6 29. Qg8#) 28. e4 a3 {[%emt 0:01:04] Hoping for ...Qe5.} 29. Qg6 Qe5 {[%emt 0:01:43] Strongly threatening ...a2.} 30. Bf7 {[%emt 0:04:02] [#]} Rxf7 $1 31. Qxf7 a2 32. Ra1 Rf8 {[%emt 0:00:33] White is weak on the dark squares} (32... Qb2+ $142 33. Kh3 Rxe4 (33... Rf8 $2 34. Rxa2 Qxa2 35. Qc7 $19) 34. Rxe4 Bxf5+ (34... Qxa1 35. Re8+) 35. Rg4 Bxg4+ (35... Qxa1 36. Qxg7#) 36. Kxg4 Qxa1 37. Qe8+ Bf8 (37... Kh7 $2 38. Qe4+ f5+ 39. Qxf5+ g6 40. Qxc5 $19) 38. Qxf8+ Kh7 39. Qa8 Qd4+ 40. Kf3 a1=Q (40... a1=B $2 41. Kg2 $19) (40... a1=R $2 41. Qe4+ Qxe4+ 42. Kxe4 $19) 41. Qxa1 Qxa1 42. h4 Qc3+ 43. Kf4 Qxc4+ 44. Ke3 h5 45. Kd2 Kg6 46. g4 hxg4 47. Ke3 g3 48. h5+ Kf5 (48... Kxh5 49. Kf3 Qd3+ 50. Kg2 Kg4 51. Kg1 Qd2 52. Kh1 Qh2#) 49. Kf3 Qd3+ (49... Qf4+ 50. Ke2 g2 51. Kd3 g1=Q 52. h6 Qfd4+ 53. Ke2 Qgf2#) 50. Kg2 Qe3 51. Kh3 Qf2 52. Kh4 Qh2#) 33. Rxh6+ gxh6 34. Qg6 Qxe4+ {[%emt 0:00:13] Weighted Error Value: White=1.35/Black=0.40.  Mistake:       	White=5     	Black=1      Inaccurate:     	---       	Black=1      OK:         	White=1     	Black=7      Best:        	White=3     	Black=1      Strong:       	White=1     	---} ({Not} 34... Qxa1 35. Qxh6+ Kg8 36. Qg6+ Kh8 37. Qh6+ Kg8 38. Qg6+ Kh8 39. Qh6+ $11) 0-1

[Event "Prague Festival Challengers 2024"]
[Site "Prague"]
[Date "2024.03.01"]
[Round "4.5"]
[White "Rodshtein, Maxim"]
[Black "Finek, Vaclav"]
[Result "1/2-1/2"]
[ECO "A06"]
[WhiteElo "2580"]
[BlackElo "2416"]
[Annotator "TA"]
[PlyCount "266"]
[EventDate "2024.02.22"]
[EventType "tourn"]
[EventCountry "CZE"]
[SourceTitle "playchess.com"]
[Source "ChessBase"]
[SourceQuality "1"]
[TimeControl "40/5400+30:1800+30"]

1. d4 d5 2. c4 c6 3. Nf3 Nf6 4. e3 e6 5. Bd3 Nbd7 6. b3 Bd6 7. Bb2 O-O 8. O-O b6 9. Nc3 Bb7 {[%emt 0:01:09] The position is equal.} 10. Qe2 Qe7 11. Rfe1 c5 12. cxd5 exd5 13. Ba6 Bc6 14. Nb5 Bxb5 15. Bxb5 Qe6 16. Rad1 Rfd8 17. dxc5 bxc5 18. b4 cxb4 19. Nd4 Qe4 20. f3 {[%emt 0:08:42][%mdl 1024] White has compensation.} Qe5 (20... Qh4 $11 {keeps the balance.} 21. g3 Qh3) 21. g4 $1 $16 a6 22. Bc6 (22. Bxa6 Qxh2+ (22... Rxa6 23. f4 $16) 23. Qxh2 Bxh2+ 24. Kxh2 Rxa6 $15) 22... Rac8 23. Bb7 $1 {[%emt 0:01:00] A strong pair of Bishops.} Rc7 24. Bxa6 (24. Qxa6 Qxh2+ 25. Kf1 Bg3 (25... Qxb2 $2 26. Qxd6 Rxb7 27. g5 $19) (25... Nc5 $2 26. Rd2 $19) (25... Qxb2 $2 26. Qxd6 Rxb7 27. g5 $19) (25... Nc5 $2 26. Rd2 $19)) (24. Nc6 $18 Qxh2+ 25. Qxh2 Bxh2+ 26. Kxh2) 24... Ra8 25. Rd2 {[%emt 0:02:37] [#]} ({White should try} 25. Bd3 $1 $14) 25... Qxh2+ $1 $11 26. Qxh2 Bxh2+ 27. Rxh2 Rxa6 28. g5 Ne8 29. Nf5 {[%emt 0:00:21] Prevents Nd6} Nf8 30. Rd1 Rxa2 {[%emt 0:05:54] White should prevent ...Ne6.} 31. Rxd5 Ne6 {[%emt 0:01:21] Prevents Rd8.} 32. f4 (32. Rb5 {keeps more tension.} Nxg5 33. Rb8 Rc1+ 34. Bxc1 Nxf3+ 35. Kf1) 32... Raa7 33. Rhd2 Kf8 34. Nd4 {[%emt 0:02:43] Dodges b3. And now Nb5 would win.} Ra6 35. Rb5 f6 36. gxf6 Nxd4 37. Rxd4 Nxf6 38. Rdxb4 Re7 39. Bd4 {[%emt 0:01:00] Hoping for Bc5.} Kf7 40. Kf2 g6 41. Kf3 Rae6 42. Rb2 Rd7 43. Rb8 Re8 44. R8b6 Nd5 45. Ra6 Re6 46. Ra8 Re8 47. Ra5 Re6 48. Rh2 h5 49. Rb2 Nf6 50. Rb8 Rde7 51. Rc8 Re8 52. Rcc5 R8e7 53. Rcb5 Ng4 54. f5 gxf5 55. Rxf5+ Nf6 56. Rg5 Re8 57. Raf5 Rh8 {[%emt 0:01:09] [#]} 58. e4 {[%emt 0:01:21] White is more active.} Rd8 $1 59. Be5 Rd3+ 60. Kf4 h4 61. Rg1 Rd8 62. Ra1 Rde8 63. Ra7+ (63. Ra5 {simplifies} Kg6 64. Rxf6+ Rxf6+ 65. Bxf6 Kxf6 66. Rh5) 63... R8e7 (63... Kg6 {simplifies} 64. Rxf6+ Rxf6+ 65. Bxf6 Kxf6 66. Rh7 Rg8) 64. Ra8 (64. Ra2 {simplifies} Re8 65. Ra5 Kg6 66. Rxf6+ Rxf6+ 67. Bxf6 Kxf6 68. Rh5) 64... h3 65. Rh8 h2 66. Rh7+ (66. Rxh2 Rxe5 67. Rxe5 Rxe5 $11) 66... Ke8 67. Rxh2 (67. Rxf6 Rxf6+ (67... Rxh7 $2 68. Rxe6+ Kf7 69. Rf6+ Ke7 70. Kg3 $19) (67... Rxe5 68. Rfh6 $11) 68. Ke3 Rxh7 69. Bxf6 h1=Q (69... h1=R $2 70. Bg5 $19) 70. Kf4 Qc1+ 71. Kf5 Qe3 72. Kg4 Qxe4+ 73. Kg3 Rh5 (73... Qg6+ 74. Kf4 Qxf6+ 75. Ke4 Rh4+ 76. Ke3 Qc3+ 77. Kf2 Rh2+ 78. Kg1 Qg3+ 79. Kf1 Qf2#) (73... Qg6+ 74. Kf4 Qxf6+ 75. Ke4 Rh4+ 76. Ke3 Qc3+ 77. Kf2 Rh2+ 78. Kg1 Qg3+ 79. Kf1 Qf2#)) 67... Nxe4 68. Kxe4 $18 Ra6 69. Rh8+ Kd7 70. Rff8 (70. Rb8 $18 {has better winning chances.}) 70... Rae6 $2 (70... Ra4+ $16 71. Kf5 Ra5) 71. Rd8+ Kc6 72. Rd5 $2 (72. Rc8+ Kb5 73. Rb8+ Rb6 74. Ra8) 72... Kb6 $2 (72... Kb7 73. Rb8+ Ka7 74. Ra5+ Ra6 75. Rxa6+ Kxa6) 73. Kd4 $2 (73. Kf5) 73... Rg6 $2 (73... Ka7 74. Bd6 Re8 75. Rh7+ Ka6) 74. Kc4 {[%emt 0:00:19] Intending Rb8+ and mate.} Rg4+ 75. Bd4+ Kb7 76. Kb5 (76. Rb5+ $142 Kc7 77. Ra5 Rge4 78. Kd5 Rxd4+ 79. Kxd4 Re2 80. Rh6 Re1 81. Ra7+ Kb8 82. Rf7) 76... Rc7 77. Ka5 ({Weaker is} 77. Rb8+ Kxb8 78. Be5 Kc8 $11) 77... Rg2 78. Rd6 Rg5+ 79. Kb4 Rg4 80. Rhd8 $2 (80. Kb5 $18 {is the precise move to win. White wants to mate with Rb6+.} Rg5+ 81. Ka4) 80... Rc6 {[%emt 0:00:18] [#]} (80... Rc8 $16 {was called for.}) 81. Rd5 $1 Rc1 $2 (81... Rh4 82. Ka5 Rh7) 82. Ka5 Rc8 83. Rb5+ $2 (83. R8d6 Rc6 84. Rb5+ Kc7 85. Rdd5 (85. Bb6+ Kxd6 86. Bf2 Rg2 $11)) 83... Kc7 84. Bb6+ Kb7 85. Be3+ (85. Ba7+ $18 Kc7 86. Rd1) 85... Kc7 $16 86. Bb6+ (86. Rxc8+ {simplifies} Kxc8 87. Rd5 Rg3 88. Rd3) 86... Kb7 {[%emt 0:00:05] [#]} 87. Ba7+ $1 Kc7 88. Rdd5 Rc4 89. Rb1 Rc2 90. Kb5 Rg8 91. Bb6+ Kc8 $2 (91... Kb7 92. Bd4 Re8) 92. Bc5 $2 (92. Ka6) 92... Rg7 93. Re5 Kb7 94. Rf1 Rb2+ 95. Bb4 Rbg2 96. Rff5 {[%emt 0:00:51] Prevents R2g5.} Rg1 97. Rd5 (97. Re7+ Rxe7 98. Bxe7 Rb1+ 99. Bb4 Kc7 $16) 97... R1g6 98. Bc5 {[%emt 0:00:28] Prevents Rb6+} Rg3 99. Rf6 {[%emt 0:00:15] aiming for Rb6+.} R3g6 100. Rxg6 (100. Rf8 $18 {is more deadly.}) 100... Rxg6 $18 {[%emt 0:00:04][%mdl 4096] Endgame. KRB-KR} 101. Rd7+ Kc8 102. Rf7 Kd8 103. Kc4 Rg5 104. Bd6 Ke8 105. Re7+ Kd8 106. Kd4 Rh5 107. Ra7 Ke8 108. Be5 Rf5 {[%emt 0:00:53] [#]} 109. Kd5 $1 {[%emt 0:00:17] White threatens Ke6 and mate.} Rf7 110. Ra6 Rd7+ 111. Bd6 Kf7 112. Ra2 Rb7 113. Rf2+ Kg6 114. Ke6 Rb3 115. Rg2+ Kh5 116. Kf5 Kh4 117. Rh2+ $1 Rh3 118. Rb2 Rd3 119. Be5 Rf3+ 120. Bf4 Ra3 121. Rh2+ Rh3 122. Ra2 Rb3 123. Ke4 Kh3 124. Be5 Kg4 125. Rg2+ Kh3 126. Rg7 Kh4 127. Kf4 Kh3 $1 128. Bd4 {[%emt 0:00:43] Be3 would kill now.} Rb4 129. Rd7 {[%emt 0:00:31] Threatening mate with Kf3.} Kg2 130. Ke4 (130. Rd6 $14) 130... Kg3 131. Rd8 Ra4 132. Rg8+ Kh4 133. Ke5 Kh3 {[%emt 0:00:18] Black defended with fortune.   Weighted Error Value: White=0.09 (flawless) /Black=0.10 (very precise) .  Loses game:     	---       	Black=1      Mistake:       	White=9     	Black=6      Inaccurate:     	White=2     	Black=8      OK:         	White=40    	Black=38     Best:        	White=5     	Black=11     Strong:       	White=4     	Black=2      Brilliant:      	White=1     	Black=1} 1/2-1/2

[Event "Prague Festival Challengers 2024"]
[Site "Prague"]
[Date "2024.03.02"]
[Round "5.1"]
[White "Korobov, Anton"]
[Black "Mishra, Abhimanyu"]
[Result "1-0"]
[ECO "D11"]
[WhiteElo "2663"]
[BlackElo "2627"]
[Annotator "ChessBase"]
[PlyCount "245"]
[EventDate "2024.02.22"]
[EventType "tourn"]
[EventCountry "CZE"]
[SourceTitle "playchess.com"]
[Source "ChessBase"]
[SourceQuality "1"]
[TimeControl "40/5400+30:1800+30"]

1. d4 d5 2. c4 c6 3. Nf3 Nf6 4. Nbd2 Bf5 5. Nh4 Be4 6. Qb3 Qc7 7. e3 e6 8. Nxe4 Nxe4 9. Bd3 Be7 10. Nf3 Nd7 11. O-O O-O 12. Qc2 f5 13. b3 a5 14. a3 Bd6 15. Bb2 h6 16. g3 Rf7 17. Ne1 Raf8 18. Ng2 Qb8 19. Nf4 Re8 20. f3 Nef6 21. Ng2 Ref8 22. Bc3 b6 23. b4 axb4 24. axb4 c5 25. bxc5 bxc5 26. Ra6 cxd4 27. Bxd4 Nc5 28. Bxc5 Bxc5 29. cxd5 Rc7 30. Qa2 exd5 31. Bxf5 Re8 32. Kh1 Qb5 33. Rb1 Qc4 34. Be6+ Kh8 35. Qxc4 dxc4 36. Bxc4 Bxe3 37. Bd3 Rc1+ 38. Rxc1 Bxc1 39. Nh4 Bb2 40. Ra7 Rd8 41. Ng6+ Kg8 42. Ne7+ Kh8 43. Bf5 Re8 44. Kg2 Bd4 45. Rb7 Bc5 46. Ng6+ Kg8 47. f4 Re2+ 48. Kh3 Bg1 49. Rb8+ Re8 50. Rb2 Bc5 51. Kg2 Nd5 52. Bd3 Nf6 53. h4 Ng4 54. h5 Nf6 55. Rb5 Ba3 56. Kf3 Bc1 57. Ne5 Ba3 58. Bg6 Rc8 59. g4 Rf8 60. Nc4 Be7 61. Rb7 Bc5 62. Rc7 Bb4 63. Ne3 Bd6 64. Rc6 Bb8 65. Rc4 Rd8 66. Nf5 Rd3+ 67. Ke2 Rd8 68. Nd4 Bd6 69. Ne6 Rb8 70. g5 hxg5 71. fxg5 Nd7 72. Rd4 Rb6 73. Be4 Nf8 74. Nd8 Be7 75. Bd5+ Kh7 76. Nf7 g6 77. Re4 Bxg5 78. Nxg5+ Kg7 79. Rf4 gxh5 80. Rf7+ Kh6 81. Ne4 Ng6 82. Ke3 Ne5 83. Rf5 Ng6 84. Ng3 h4 85. Rh5+ Kg7 86. Nf5+ Kf6 87. Nd4 Rb1 88. Rf5+ Ke7 89. Nc6+ Kd6 90. Be4 Re1+ 91. Kd3 Ke6 92. Nd4+ Ke7 93. Nf3 Rd1+ 94. Ke3 h3 95. Rh5 Nf8 96. Rxh3 Nd7 97. Rh7+ Kd6 98. Rh6+ Ke7 99. Nd4 Nf6 100. Bf3 Ra1 101. Nf5+ Kf7 102. Kf4 Rf1 103. Ne3 Ra1 104. Kg5 Rg1+ 105. Kf5 Ng8 106. Rh7+ Kf8 107. Ng4 Ra1 108. Ne5 Ra6 109. Bh5 Ne7+ 110. Kg5 Re6 111. Rf7+ Kg8 112. Ng4 Nd5 113. Bg6 Kh8 114. Rh7+ Kg8 115. Nh6+ Kf8 116. Nf5 Kg8 117. Rd7 Nf6 118. Rd8+ Ne8 119. Bxe8 Kh7 120. Rd7+ Kg8 121. Bf7+ Kh8 122. Rd8+ Kh7 123. Bg8+ 1-0